 Dungeon Crawl Stone Soup version 0.30-a0-845-g7c6808c8ce (webtiles) character file.

Game seed: 12460096852933685804

1845 BubbleThief the Fighter (level 8, 0/71 (74) HPs)
             Began as a Demonspawn Necromancer on Mar 3, 2023.
             Was an Initiate of Kikubaaqudgha.
             Slain by a wight
             ... wielding a +1 short sword
              (4 damage)
             ... on level 6 of the Dungeon.
             The game lasted 00:09:48 (4789 turns).

BubbleThief the Fighter (Demonspawn Necromancer)    Turns: 4789, Time: 00:09:48

HP:   0/71 (74)     AC:  4    Str: 15    XL:     8   Next: 88%
MP:   12/12         EV: 12    Int: 18    God:    Kikubaaqudgha [......]
Gold: 130           SH:  5    Dex: 16    Spells: 8/12 levels left

rFire   . . .      SeeInvis .    n - +9 sling "Leviticus" {heavy, Dex+2}
rCold   . . .      Faith    .    (no shield)
rNeg    . . .      Spirit   .    a - +0 robe
rPois   .          Reflect  +    z - +0 helmet
rElec   .          Rampage  .    (no cloak)
rCorr   .                        (no gloves)
Will    .....                    j - +0 pair of boots
Stlth   ++                       d - amulet of reflection
HPRegen 0.31/turn                k - +6 ring of strength
MPRegen 0.26/turn                (no ring)

@: mighty, studying Necromancy, lightly drained
A: claws 1, powered by pain 2, magic regeneration
a: Renounce Religion


You were on level 6 of the Dungeon.
You worshipped Kikubaaqudgha.
Kikubaaqudgha was noncommittal.
You visited 2 branches of the dungeon, and saw 7 of its levels.
You also visited: Sewer.

You collected 190 gold pieces.
You spent 60 gold pieces at shops.

Inventory:

Hand Weapons
 c - a +0 dagger
 n - the +9 sling "Leviticus" (weapon) {heavy, Dex+2}
   (You found it on level 3 of the Dungeon)

   Dex:       It affects your dexterity (+2).
 u - the +9 falchion of Excruciating Pain {drain, rPois rC+ Str+3 Int-4}
   (You found it on level 3 of the Dungeon)

   Str:       It affects your strength (+3).
   Int:       It affects your intelligence (-4).
   rC:        It protects you from cold.
   rPois:     It protects you from poison.
Missiles
 A - 4 curare-tipped darts
Armour
 a - a +0 robe (worn)
 j - a +0 pair of boots (worn)
 z - a +0 helmet (worn)
Jewellery
 d - an amulet of reflection (around neck)
 k - a +6 ring of strength (left claw)
Wands
 s - a wand of flame (14)
 x - a wand of digging (6)
Scrolls
 f - a scroll of identify
 g - 2 scrolls of fog
 m - 2 scrolls of magic mapping
 r - a scroll of torment {unknown}
 v - 2 scrolls of enchant weapon {unknown}
 w - a scroll of blinking {unknown}
 y - 3 scrolls of noise {unknown}
 B - a scroll of amnesia {unknown}
 D - a scroll of teleportation
 E - 2 scrolls of poison {unknown}
Potions
 b - 4 potions of magic
 e - a potion of might {unknown}
 h - a potion of mutation {unknown}
 i - 4 potions of invisibility
 l - 4 potions of curing {unknown}
 o - 2 potions of attraction {unknown}
 p - 3 potions of heal wounds {unknown}
 q - 2 potions of degeneration {unknown}
 t - 2 potions of cancellation {unknown}
 C - 2 potions of haste {unknown}


   Skills:
 + Level 10.7 Fighting
 - Level 1.7 Dodging
 - Level 1.7 Stealth
 - Level 2.8 Spellcasting
 - Level 6.7 Necromancy


You had 8 spell levels left.
You knew the following spells:

 Your Spells              Type           Power      Damage    Failure   Level
a - Necrotise             Necr           100%       1d9       1%          1
b - Vampiric Draining     Necr           26%        2d7       3%          3

Your spell library contained the following spells:

 Spells                   Type           Power      Damage    Failure   Level
 Animate Dead             Necr           26%        N/A       11%         4
 Sting                    Tmut/Pois      8%         1d3       17%         1
 Poisonous Vapours        Pois/Air       4%         N/A       26%         2
 Agony                    Necr           26%        N/A       28%         5
 Anguish                  Hex/Necr       7%         N/A       38%         4
 Dazzling Flash           Conj/Hex       4%         N/A       45%         3
 Iskenderun's Mystic Bla  Conj/Tloc      2%         2d3       86%         4
 Olgreb's Toxic Radiance  Pois           2%         N/A       86%         4
 Starburst                Conj/Fire      1%         6d3       100%        6
 Enfeeble                 Hex            1%         N/A       100%        7
 Borgnjor's Revivificati  Necr           13%        N/A       100%        8
 Necromutation            Tmut/Necr      7%         N/A       100%        8
 Death's Door             Necr           13%        N/A       100%        9


Dungeon Overview and Level Annotations

Branches:
Dungeon (6/15)             Temple (1/1) D:6           Sewer (visited)

Altars:
Kikubaaqudgha
Nemelex Xobeh
Ru

Shops:
D:1 =[*   D:3 *

Annotations:
D:3 2 transporters, Demosthentine's ghost, amateur DsGl


Innate Abilities, Weirdness & Mutations

You have sharp fingernails.
You sometimes gain power by taking damage.
You regenerate magic rapidly.


Message History

The wight barely misses you. The wight closely misses you.
You block the wight's attack.
You shoot a sling bullet. The sling bullet hits the wight.
You destroy the wight!
Kikubaaqudgha accepts your kill. The wight hits you with a +0 dagger.
You feel drained. The wight hits you with a +0 dagger.
You feel drained. The wight hits you but does no damage.
You shoot a sling bullet. The sling bullet hits the wight!
You destroy the wight!
Kikubaaqudgha accepts your kill. You block the wight's attack.
The wight hits you with a +3 short sword.
Your life force feels restored.
You shoot a sling bullet. The sling bullet hits the wight!
The wight is heavily damaged.
The wight barely misses you. The wight hits you but does no damage.
The wight hits you with a +1 short sword.
You feel drained. The wight completely misses you.
You shoot a sling bullet.
The sling bullet closely misses the wight.
The wight hits you with a +3 short sword!
* * * LOW HITPOINT WARNING * * *
You focus on the pain.
You feel very mighty all of a sudden.
The wight hits you with a +1 short sword!
* * * LOW HITPOINT WARNING * * *
The wight hits you with a +1 short sword.
* * * LOW HITPOINT WARNING * * *
The wight barely misses you.
You shoot a sling bullet.
The sling bullet barely misses the wight.
You block the wight's attack.
The wight hits you with a +1 short sword.
* * * LOW HITPOINT WARNING * * *
You feel drained.
* * * LOW HITPOINT WARNING * * *
The wight hits you with a +1 short sword.
You die...
Kikubaaqudgha rasps: "You have failed me!
Welcome... death!"

#~≈#≈÷≈#≈~#...#*#.*,,,,,,,***,,,,
#.≈#≈.≈#≈~#######.##*###,,<,,,***
#.≈#≈~≈#≈.#,,.....z.#..#,,,,,,*
#~≈#≈~≈#≈~#,,..z..z.$..+......#
#~~##~...~#,,,,,,###'###......#
~~~###..~#########.....#......*
..########.....).#.#'#.#.....#*
....#...#.......zzz#>#.+.....#
....#...#.......@#.###.#.....#
....#...#........#.....#.....#
....#..##........###+###.....####
#####..#####....##*#......###..#.
,#.....#...#....#,,#......#......
,#.....#...'....#,,#....<.#......
*#.#########....##+#......######.
##.##..###...........######.####.
.........'...........*,,,+.......


You could see 3 wights.

Vanquished Creatures
  Menkaure (D:4)
  Edmund (D:4)
  A water moccasin (D:6)
  An ice beast (D:5)
  2 ogres (D:5)
  Blork the orc (D:4)
  7 kobold brigands
  A scorpion (D:4)
  A bullfrog (D:6)
  2 wights (D:6)
  3 howler monkeys
  An orc priest (D:3)
  A jelly (D:4)
  A sleepcap (D:4)
  2 orc wizards (D:6)
  An iguana (D:4)
  7 adders
  A shadow imp (D:5)
  2 white imps
  2 ufetubi
  A worm (D:2)
  3 dart slugs
  10 orcs
  5 bats
  4 endoplasms
  5 giant cockroaches
  6 hobgoblins
  6 jackals
  2 quokkas (D:6)
  10 ball pythons
  A frilled lizard (D:2)
  5 goblins
  14 kobolds
  5 rats
116 creatures vanquished.

Vanquished Creatures (collateral kills)
  An orc (D:3)
  A frilled lizard (D:3)
2 creatures vanquished.

Vanquished Creatures (others)
  A kobold (Sewer)
  A plant (Sewer)
2 creatures vanquished.

Grand Total: 120 creatures vanquished

Notes
Turn   | Place    | Note
-------+----------+-------------------------------------------
     0 | D:1      | BubbleThief the Demonspawn Necromancer began the quest for
                  | the Orb.
     0 | D:1      | Reached XP level 1. HP: 13/13 MP: 3/3
    10 | D:1      | Found Exkaaruo's Jewellery Emporium.
    81 | D:1      | Found Ciajis's Armour Shoppe.
   368 | D:1      | Gained mutation: You sometimes gain a little power by
                  | taking damage. [demonic ancestry]
   368 | D:1      | Reached XP level 2. HP: 19/19 MP: 3/5
   424 | D:1      | Reached skill level 5 in Necromancy
   497 | D:1      | Found Duumipse's General Store.
   971 | D:2      | Found a faded altar of an unknown god.
  1037 | D:2      | Gained mutation: You have sharp fingernails. [demonic
                  | ancestry]
  1037 | D:2      | Reached XP level 3. HP: 20/24 MP: 0/6
  1523 | D:3      | Identified the +9 sling "Leviticus" {heavy, Dex+2}
  1547 | D:3      | Gained mutation: You sometimes gain power by taking damage.
                  | [demonic ancestry]
  1547 | D:3      | Reached XP level 4. HP: 14/30 MP: 1/8
  1639 | D:3      | Found a transporter.
  1643 | D:3      | Found a transporter.
  1643 | D:3      | Noticed Demosthentine's ghost (amateur DsGl)
  1833 | D:3      | Found Vyolicri's Assorted Antiques.
  1841 | D:3      | Bought a bubbling amethyst potion for 19 gold pieces
  1841 | D:3      | Bought a sedimented inky potion for 19 gold pieces
  1841 | D:3      | Bought a scroll labelled HOCLAIPSYUN for 22 gold pieces
  1853 | D:3      | Reached skill level 1 in Fighting
  2130 | D:3      | Learned a level 3 spell: Vampiric Draining
  2357 | D:3      | Identified the +9 falchion of Excruciating Pain {drain,
                  | rPois rC+ Str+3 Int-4}
  2426 | D:4      | Reached skill level 2 in Fighting
  2426 | D:4      | Reached XP level 5. HP: 39/39 MP: 9/9
  2444 | D:4      | Reached skill level 3 in Fighting
  2598 | D:4      | Reached skill level 4 in Fighting
  2657 | D:4      | Noticed Menkaure
  2659 | D:4      | Killed Menkaure
  2660 | D:4      | Reached skill level 5 in Fighting
  2660 | D:4      | Gained mutation: You regenerate magic rapidly. [demonic
                  | ancestry]
  2660 | D:4      | Reached XP level 6. HP: 51/51 MP: 10/10
  2693 | D:4      | Noticed Edmund
  2701 | D:4      | Killed Edmund
  2766 | D:4      | Reached skill level 6 in Fighting
  2766 | D:4      | Reached XP level 7. HP: 58/58 MP: 8/11
  2848 | D:4      | Noticed Blork the orc
  2856 | D:4      | Killed Blork the orc
  3047 | D:4      | Found a sparkling altar of Nemelex Xobeh.
  3191 | D:5      | Entered Level 5 of the Dungeon
  3197 | D:5      | Reached skill level 7 in Fighting
  3617 | D:5      | Found a sacrificial altar of Ru.
  3628 | D:5      | Reached skill level 8 in Fighting
  3831 | D:5      | Reached XP level 8. HP: 69/69 MP: 12/12
  4156 | D:6      | Reached skill level 9 in Fighting
  4168 | D:6      | Found a glowing drain.
  4183 | Sewer    | Entered a sewer
  4545 | Sewer    | Reached skill level 10 in Fighting
  4698 | D:6      | Found a staircase to the Ecumenical Temple.
  4706 | Temple   | Entered the Ecumenical Temple
  4734 | Temple   | Became a worshipper of Kikubaaqudgha
  4789 | D:6      | Slain by a wight

Illustrated notes

Levels and vault maps discovered:
D:1:      lemuel_arrival_hallway, layout_rooms, serial_shops, shop,
          nicolae_shop_statue_plus, shop_statue, nicolae_eternal_life
D:2:      layout_basic, shapermc_ecumenical_altar_venn,
          nicolae_elevator_lobby_plus
D:3:      kennysheep_big_flooded_room, layout_loops_ring, serial_shops, shop,
          gammafunk_ghost_arena
D:4:      layout_basic, marbit_many_paths, uniq_blork_the_orc, uniq_menkaure,
          uniq_edmund
D:5:      layout_cave_pods, mainiacjoe_overflow_boulevard,
          minmay_stone_trees_small
D:6:      layout_gridville, minmay_temple_entry_glassed_door,
          gup_sewer_entry_pipe
Temple:   minmay_temple_curvy_branch

Skill      XL: |  1  2  3  4  5  6  7  8 |
---------------+-------------------------+-----
Necromancy     | 5 6 |  6.7
Fighting       | 2 5 6 8 10 | 10.7
Dodging        | |  1.7
Stealth        | |  1.7
Spellcasting   | |  2.8

Action                     |  1- 3 |  4- 6 |  7- 9 || total
---------------------------+-------+-------+-------++-------
  Melee: Dagger            |     8 |       |       ||     8
   Fire: Sling             |     4 |    34 |   116 ||   154
   Cast: Necrotise         |    50 |    31 |    12 ||    93
         Vampiric Draining |       |       |    20 ||    20
    Use: Scroll            |       |       |     4 ||     4
 Armour: Robe              |     2 |     5 |    22 ||    29
  Dodge: Dodged            |    14 |    11 |    75 ||   100
  Block: Other             |     5 |     5 |    28 ||    38
         Reflection        |       |       |     3 ||     3

Table legend: (Time is in decaauts)
 A = Elapsed time spent in this place.
 B = Non-inter-level travel time spent in this place.
 C = Inter-level travel time spent in this place.
 D = Time resting spent in this place.
 E = Time spent auto-exploring this place.
 F = Levels seen in this place.
 G = Mean time per level.
                   A        B        C        D        E       F      G
               +--------+--------+--------+--------+--------+-----+--------+
         Total |   4998 |   4828 |    170 |     83 |   3855 |   8 |  624.8 |
       Dungeon |   4466 |   4317 |    149 |     83 |   3516 |   6 |  744.3 |
        Temple |     50 |     29 |     21 |      0 |     23 |   1 |   50.0 |
         Sewer |    481 |    481 |      0 |      0 |    316 |   1 |  481.0 |
               +--------+--------+--------+--------+--------+-----+--------+

Top non-repeatable levels by time:
     D:2: 912 daAuts
     D:5: 888 daAuts
     D:3: 862 daAuts
     D:4: 804 daAuts
     D:1: 668 daAuts
   Sewer: 481 daAuts
     D:6: 330 daAuts
  Temple: 50 daAuts
